 Dungeon Sprint DCSS version 0.21.1-1-g345015f (webtiles) character file.

0 Fang the Chopper (level 1, 0/28 HPs)
             Began as a Minotaur Berserker on May 1, 2018.
             Was a Follower of Trog.
             Slain by an air elemental (5 damage)
             ... in the Dungeon (Sprint V: "Ziggurat Sprint").
             The game lasted 00:00:25 (80 turns).

Fang the Chopper (Minotaur Berserker)                 Turns: 80, Time: 00:00:26

Health: 0/28       AC: 16    Str: 32    XL:     1   Next: 0%
Magic:  0/0        EV:  9    Int:  4    God:    Trog [*.....]
Gold:   0          SH:  0    Dex:  9    Spells: 0/0 levels left

rFire    . . .     SeeInvis .   l - +5 demon trident
rCold    . . .     Gourm    .   (no shield)
rNeg     . . .     Faith    .   j - +5 shadow dragon scales
rPois    .         Spirit   .   (helmet restricted)
rElec    .         Reflect  .   (no cloak)
rCorr    .         Harm     .   (no gloves)
MR       .....     NoTele   +   (no boots)
Stlth    ..........             (no amulet)
HPRegen  0.09/turn              G - ring of flight
MPRegen  0.07/turn              F - +6 ring of strength

@: berserking, flying (expiring), very quick
A: retaliatory headbutt, horns 2
a: Berserk, Burn Spellbooks, Renounce Religion


You were in the Dungeon.
You worshipped Trog.
Trog was aware of your devotion.
You were not hungry.

You visited 1 branch

Inventory:

Hand Weapons
 k - a +5 executioner's axe
 l - a +5 demon trident (weapon)
Armour
 j - +5 shadow dragon scales (worn)
Jewellery
 F - a +6 ring of strength (right hand)
 G - a ring of flight (left hand)
Wands
 x - a wand of disintegration (7)
 y - a wand of iceblast (7)
 z - a wand of acid (7)
Scrolls
 i - 4 scrolls of blinking
 m - 7 scrolls of fog
 n - a scroll of holy word
 o - 5 scrolls of identify
 p - 5 scrolls of remove curse
 q - 2 scrolls of fear
Potions
 d - 10 potions of curing
 e - 10 potions of heal wounds
 f - 6 potions of haste
 g - 7 potions of magic
 h - 3 potions of berserk rage
 r - 2 potions of brilliance
 s - 2 potions of invisibility
 t - 4 potions of resistance
 u - a potion of experience
 v - 5 potions of agility
 w - 5 potions of might
Comestibles
 c - 7 rations


   Skills:
 + Level 3.6 Fighting
 + Level 3.6 Axes
 + Level 2.4 Armour
 + Level 2.1 Dodging


You couldn't memorise any spells.
You didn't know any spells.

Dungeon Overview and Level Annotations

Branches:
Dungeon (1/1)

Altars:
Ashenzari
Cheibriados
Dithmenos
Elyvilon
Fedhas
Gozag
Hepliaklqana
Kikubaaqudgha
Makhleb
Nemelex Xobeh
Okawaru
Qazlal
Ru
Sif Muna
Trog
Uskayaw
Vehumet
Wu Jian
Xom
Yredelemnul
Zin
The Shining One
Beogh
Jiyva
Lugonu

Annotations:
D 1 transporter


Innate Abilities, Weirdness & Mutations

You reflexively headbutt those who attack you in melee.
You have a pair of horns on your head.


Message History

You feel quite a bit more hungry.
A vortex of raging winds appears around the air elemental! x2
You impale the air elemental!! Your headbutt misses the air elemental.
The air elemental is heavily damaged.
The vortex of raging winds lifts you up.
You fly up into the air.
* * * LOW HITPOINT WARNING * * *
The air elemental closely misses you. You furiously retaliate!
You headbutt the air elemental! The air elemental barely misses you.
The air elemental hits you but does no damage.
The air elemental hits you.
* * * LOW HITPOINT WARNING * * *
You are too injured to fight recklessly!
Unknown command.
You miss the air elemental.
The air elemental is almost destroyed.
You are engulfed in raging winds.
The air elemental hits you but does no damage.
The air elemental hits you.
You die...

▓▓▓▓▓▓▓
▓.8©8.▓
▓§§§§§▓
▓§§§§§▓
▓§§E§§▓
▓§§E@§▓
▓§§§§§▓
▓▓▓▓▓▓▓


You could see 2 air elementals.

Vanquished Creatures (others)
  A spatial maelstrom (D)
1 creature vanquished.

Notes
Turn   | Place    | Note
-------+----------+-------------------------------------------
     0 | D        | Found the +6 Majin-Bo {vamp, Archmagi MP+6 Int+6}
     0 | D        | Found the +7 great mace "Firestarter" {inner flame, rF++}
     0 | D        | Fang the Minotaur Berserker began the quest for the Orb.
     0 | D        | Reached XP level 1. HP: 19/19 MP: 0/0
     0 | D        | Banished a spatial maelstrom
     7 | D        | Found a blossoming altar of Fedhas.
     8 | D        | Found a viscous altar of Jiyva.
     8 | D        | Found a hazy altar of Hepliaklqana.
     8 | D        | Found a transporter.
     8 | D        | Found an opulent altar of Gozag.
     8 | D        | Found an ancient bone altar of Kikubaaqudgha.
     8 | D        | Found a corrupted altar of Lugonu.
     8 | D        | Banished a spatial maelstrom
    14 | D        | Found a burning altar of Makhleb.
    15 | D        | Found a stormy altar of Qazlal.
    15 | D        | Found a sacrificial altar of Ru.
    15 | D        | Found an iron altar of Okawaru.
    15 | D        | Found a deep blue altar of Sif Muna.
    15 | D        | Found a sparkling altar of Nemelex Xobeh.
    15 | D        | Found a bloodstained altar of Trog.
    77 | D        | Entered arena 2.
    77 | D        | Noticed an air elemental
    77 | D        | Noticed an air elemental
    77 | D        | Found a transporter.
    80 | D        | Slain by an air elemental

Action                   || total
-------------------------++-------
Melee: Demon trident     ||     2
Invok: Berserk           ||     1
Armor: Shadow dragon sca ||     2
Dodge: Dodged            ||     2
